 Dungeon Crawl Stone Soup version 0.31-a0-343-g456c268693 (webtiles) character file.

Game seed: 148105776197763726

45 Locuples the Chopper (level 3, 0/27 HPs)
             Began as a Demonspawn Gladiator on July 21, 2023.
             Slain by a gnoll
             ... wielding a +0 spear
              (2 damage)
             ... on level 2 of the Dungeon.
             The game lasted 00:02:32 (1284 turns).

Locuples the Chopper (Demonspawn Gladiator)         Turns: 1284, Time: 00:02:33

Health: 0/27       AC:  4    Str: 16    XL:     3   Next: 42%
Magic:  3/3        EV: 12    Int:  9    God:
Gold:   74         SH:  0    Dex: 14    Spells: 2/2 levels left

rFire   . . .        a - +0 war axe
rCold   . . .        (no shield)
rNeg    . . .        b - +0 leather armour
rPois   .            c - +0 helmet
rElec   .            (no cloak)
rCorr   .            (no gloves)
SInv    .            (no boots)
Will    .....        p - amulet of the acrobat
Stlth   +            (no ring)
HPRegen 0.24/turn    (no ring)
MPRegen 0.08/turn

%: acrobat
@: no status effects
A: claws 1, demonic magic 1
a: no special abilities


You were on level 2 of the Dungeon.
You visited 1 branch of the dungeon, and saw 2 of its levels.

You collected 74 gold pieces.

Inventory:

Hand Weapons
 a - a +0 war axe (weapon)
Missiles
 d - 4 throwing nets (quivered)
 e - a javelin
Armour
 b - a +0 leather armour (worn)
 c - a +0 helmet (worn)
Jewellery
 p - an amulet of the acrobat (around neck)
Scrolls
 f - 2 scrolls of poison {unknown}
 g - a scroll of blinking {unknown}
 h - 2 scrolls of fear {unknown}
 i - a scroll of teleportation {unknown}
 k - 2 scrolls of identify {unknown}
 n - a scroll of amnesia {unknown}
Potions
 j - 3 potions of curing {unknown}
 l - a potion of lignification {unknown}
 m - a potion of mutation {unknown}
 o - 2 potions of degeneration {unknown}
 q - a potion of enlightenment {unknown}


   Skills:
 + Level 2.1 Fighting
 * Level 3.8 Axes
 - Level 1.7 Throwing
 + Level 0.2 Armour
 + Level 2.8 Dodging


You had 2 spell levels left.
You didn't know any spells.
Your spell library was empty.

Dungeon Overview and Level Annotations

Branches:
Dungeon (2/15)

Altars:

Shops:
D:1 (


Innate Abilities, Weirdness & Mutations

You have sharp fingernails.
Spells you cast may paralyse adjacent enemies.


Message History

The worm is severely wounded.
The worm barely misses you.
You barely miss the worm.
The worm is severely wounded.
The worm bites you.
You slash the worm!
The worm is almost dead.
The worm bites you!
* * * LOW HITPOINT WARNING * * *
You hit the worm.
The worm is almost dead.
You hit the worm.
You kill the worm!
You see here a worm corpse.
You now have 74 gold pieces (gained 11). 2 gnolls come into view.
Found a stone staircase leading down.
The gnoll shouts!
A gnoll comes into view. It is wielding a +0 club.
The gnoll shouts!
You hear a shout!
The gnoll throws a throwing net.
The throwing net completely misses you.
The gnoll throws a throwing net.
The throwing net misses you.
A gnoll comes into view. It is wielding a +0 whip.
You see here a throwing net.
You see here a throwing net.
You see here a throwing net.
You closely miss the gnoll. The gnoll hits you with a +0 spear.
You slash the gnoll!
The gnoll is severely wounded.
You hit the gnoll. The gnoll barely misses you. x2
The gnoll closely misses you.
The gnoll hits you from afar with a +0 spear!
The gnoll hits you with a +0 spear. The gnoll hits you with a +0 club!
* * * LOW HITPOINT WARNING * * *
Unknown command.
You hit the gnoll.
You kill the gnoll!
You hit the gnoll but do no damage.
The gnoll hits you from afar with a +0 spear.
You die...

.. .## ##. ... g.. ..# ...
#.# #####.# #.# ..##g# #.#
# #.##g# ##.## #.##.##)#
#...# #.....@g# #...# ###
####.##### #.†.# #.. .
#........#####...####.#
.###..#.....#............#
.....#...................
.##...#.....#............#
#...#.....###.#...#.##..
#...##†...# #.#...#.####
#.....)..)# #.#...#.#


You could see 3 gnolls.

Vanquished Creatures
  A gnoll (D:2)
  3 worms (D:2)
  A dart slug (D:1)
  5 bats
  An endoplasm (D:1)
  2 giant cockroaches (D:1)
  A goblin (D:1)
  3 hobgoblins (D:1)
  4 jackals (D:1)
  A quokka (D:1)
  A ball python (D:1)
  2 frilled lizards (D:1)
  6 kobolds
  4 rats
35 creatures vanquished.

Notes
Turn   | Place    | Note
-------+----------+-------------------------------------------
     0 | D:1      | Locuples the Demonspawn Gladiator began the quest for the
                  | Orb.
     0 | D:1      | Reached XP level 1. HP: 16/16 MP: 1/1
     6 | D:1      | Noticed a redback
     6 | D:1      | Noticed a polar bear
     7 | D:1      | Noticed a swamp drake
     7 | D:1      | Noticed a water moccasin
    95 | D:1      | Reached skill level 3 in Axes
   118 | D:1      | Gained mutation: You have sharp fingernails. [demonic
                  | ancestry]
   118 | D:1      | Reached XP level 2. HP: 22/22 MP: 2/2
   717 | D:1      | Found Xumuiludo's Weapon Shoppe.
   975 | D:2      | Gained mutation: Spells you cast may paralyse adjacent
                  | enemies. [demonic ancestry]
   975 | D:2      | Reached XP level 3. HP: 27/27 MP: 3/3
  1151 | D:2      | Identified the +7 short sword of Enowkeem {spect, Will+}
  1284 | D:2      | Slain by a gnoll

Illustrated notes

Levels and vault maps discovered:
D:1:      onia_arrival_zoo_common, layout_loops_corners, serial_shops,
          nicolae_shop_advertising_works [nicolae_subvault_shop_adworks],
          minmay_misc_feat_columns, minmay_pentomino_x2
D:2:      layout_loops_cross, nicolae_underground_beach

Skill      XL: |  1 |
---------------+----+-----
Axes           | 3 |  3.8
Fighting       | |  2.1
Throwing       | |  1.7
Armour         | |  0.2
Dodging        | |  2.8

Action                     || total
---------------------------++-------
  Melee: War axe           ||    87
   Stab: Sleeping          ||     1
 Armour: Leather armour    ||    36
  Dodge: Dodged            ||    81

Table legend: (Time is in decaauts)
 A = Elapsed time spent in this place.
 B = Non-inter-level travel time spent in this place.
 C = Inter-level travel time spent in this place.
 D = Time resting spent in this place.
 E = Time spent auto-exploring this place.
 F = Levels seen in this place.
 G = Mean time per level.
                   A        B        C        D        E       F      G
               +--------+--------+--------+--------+--------+-----+--------+
         Total |   1312 |   1312 |      0 |      0 |    994 |   2 |  656.0 |
       Dungeon |   1312 |   1312 |      0 |      0 |    994 |   2 |  656.0 |
               +--------+--------+--------+--------+--------+-----+--------+

Top non-repeatable levels by time:
     D:1: 985 daAuts
     D:2: 326 daAuts
